 Dungeon Crawl Stone Soup version 0.30-a0-6-g7c9e10e132 (webtiles) character file.

Game seed: 12036801221805816879

105 SensoryNuts the Chopper (level 4, 0/40 HPs)
             Began as a Hill Orc Fighter on Aug 22, 2022.
             Splashed by a jelly's acid (5 damage)
             ... on level 4 of the Dungeon.
             The game lasted 00:00:55 (1148 turns).

SensoryNuts the Chopper (Hill Orc Fighter)          Turns: 1148, Time: 00:00:56

Health: 0/40       AC:  3    Str: 20    XL:     4   Next: 81%
Magic:  4/4        EV:  9    Int:  8    God:
Gold:   81         SH:  5    Dex: 16    Spells: 3/3 levels left

rFire   . . .      SeeInvis .    a - +0 war axe
rCold   . . .      Faith    .    c - +0 buckler
rNeg    . . .      Spirit   .    b - +0 scale mail
rPois   .          Reflect  .    (no helmet)
rElec   .          Harm     .    (no cloak)
rCorr   .          Rampage  .    (no gloves)
Will    .....                    (no boots)
Stlth   ..........               (no amulet)
HPRegen 0.13/turn                n - +6 ring of dexterity
MPRegen 0.09/turn                (no ring)

@: mighty, corroded
A: no striking features
a: no special abilities


You were on level 4 of the Dungeon.
You visited 1 branch of the dungeon, and saw 3 of its levels.

You collected 81 gold pieces.

Inventory:

Hand Weapons
 a - a +0 war axe (weapon)
Armour
 b - a +0 scale mail (worn)
 c - a +0 buckler (worn)
Jewellery
 j - a ring of wizardry
 n - a +6 ring of dexterity (left hand)
Wands
 m - a wand of quicksilver (10)
Scrolls
 f - a scroll of fog {unknown}
 g - a scroll of identify {unknown}
 k - a scroll of blinking {unknown}
 l - a scroll of enchant armour {unknown}
Potions
 e - 2 potions of mutation {unknown}
 h - a potion of heal wounds {unknown}
 i - a potion of resistance {unknown}


   Skills:
 + Level 4.2 Fighting
 + Level 4.8 Axes
 + Level 4.0 Armour
 + Level 0.2 Dodging
 + Level 0.1 Stealth
 + Level 3.6 Shields


You had 3 spell levels left.
You didn't know any spells.
Your spell library contained the following spells:

 Spells                   Type           Power      Damage    Failure   Level
 Freeze                   Ice            0%         1d3       85%         1
 Frozen Ramparts          Ice            0%         1d1       99%         3
 Hailstorm                Conj/Ice       0%         3d3       100%        4


Dungeon Overview and Level Annotations

Branches:
Dungeon (2/15)

Altars:


Message History

Blork the orc hits you with a +0 scimitar!
You are too injured to fight recklessly!
You are too injured to fight recklessly!
Unknown command.
You feel very mighty all of a sudden. You block Blork the orc's attack.
You slash Blork the orc!
Blork the orc is severely wounded.
Blork the orc hits you with a +0 scimitar.
* * * LOW HITPOINT WARNING * * *
A goblin opens the door.
Blork the orc barely misses you.
You hit Blork the orc but do no damage.
Blork the orc is heavily wounded.
You closely miss the goblin.
Blork the orc hits you with a +0 scimitar.
* * * LOW HITPOINT WARNING * * *
You block the goblin's attack.
You closely miss Blork the orc.
Blork the orc is heavily wounded.
You hit the goblin.
You kill the goblin!
Blork the orc closely misses you.
You slash Blork the orc!
You kill Blork the orc!
Your Axes skill increases to level 4!
Your Armour skill increases to level 4!
You have reached level 4!
Things that are here:
a +0 scimitar; a +0 robe A jelly comes into view.
Found 18 gold pieces.
The jelly quivers.
The jelly jiggles.
The jelly hits you but does no damage.
There is a stone staircase leading up here.
You hit the jelly. The acid corrodes you!
Your hands burn!
* * * LOW HITPOINT WARNING * * *
The jelly is moderately wounded.
The jelly hits you but does no damage.
You slash the jelly!
Your hands burn!
You die...

##### #...# #.### ..#
##############
#####.#.........<
#.....#.######.###
..###...#........
..###.###.#..#.#####.###
#...............@J...$..
#.###.#...#....#########
..# #.#.####.....(....#
### #.#.......##....#...
..#######..'))..# ..#
####....# ...# #....#
... +....# #......


You could see a jelly.

Vanquished Creatures
  Blork the orc (D:4)
  An adder (D:2)
  A dart slug (D:1)
  3 endoplasms
  2 giant cockroaches (D:1)
  5 goblins
  2 hobgoblins
  2 quokkas
  3 ball pythons
  3 bats (D:1)
  2 kobolds (D:2)
  A rat (D:1)
26 creatures vanquished.

Notes
Turn   | Place    | Note
-------+----------+-------------------------------------------
     0 | D:1      | SensoryNuts the Hill Orc Fighter began the quest for the
                  | Orb.
     0 | D:1      | Reached XP level 1. HP: 19/19 MP: 1/1
   152 | D:1      | Reached XP level 2. HP: 27/27 MP: 2/2
   561 | D:1      | Found a faded altar of an unknown god.
   781 | D:2      | Reached XP level 3. HP: 33/33 MP: 3/3
  1095 | D:2      | You fall into a shaft and drop 2 floors!
  1129 | D:4      | Noticed Blork the orc
  1137 | D:4      | Killed Blork the orc
  1138 | D:4      | Reached XP level 4. HP: 4/40 MP: 4/4
  1148 | D:4      | Splashed by a jelly's acid

Illustrated notes

Levels and vault maps discovered:
D:1:      moated_graveyard_arrival, layout_basic,
          dilly_ecumenical_altar_fadedgnrine
D:2:      layout_loops_corners, basic_altar
D:4:      layout_basic, gammafunk_temple_overflow_elements,
          lightli_corner_chamber, uniq_blork_the_orc, uniq_crazy_yiuf_cottage

Skill      XL: |  1  2  3 |
---------------+----------+-----
Axes           | 3 4 |  4.8
Fighting       | 4 |  4.2
Armour         | 4 |  4.0
Dodging        | |  0.2
Stealth        | |  0.1
Shields        | |  3.6

Action                   |  1- 3 |  4- 6 || total
-------------------------+-------+-------++-------
Melee: War axe           |    59 |     2 ||    61
  Use: Potion            |     1 |       ||     1
Armor: Scale mail        |    22 |     2 ||    24
Dodge: Dodged            |    23 |       ||    23
Block: Buckler           |     9 |       ||     9

Table legend: (Time is in decaauts)
 A = Elapsed time spent in this place.
 B = Non-inter-level travel time spent in this place.
 C = Inter-level travel time spent in this place.
 D = Time resting spent in this place.
 E = Time spent auto-exploring this place.
 F = Levels seen in this place.
 G = Mean time per level.
                   A        B        C        D        E       F      G
               +--------+--------+--------+--------+--------+-----+--------+
         Total |   1170 |   1170 |      0 |      0 |    952 |   3 |  390.0 |
       Dungeon |   1170 |   1170 |      0 |      0 |    952 |   3 |  390.0 |
               +--------+--------+--------+--------+--------+-----+--------+

Top non-repeatable levels by time:
     D:1: 783 daAuts
     D:2: 331 daAuts
     D:4: 55 daAuts
